 Dungeon Crawl Stone Soup version 0.30-a0-778-g2ef04afb54 (webtiles) character file.

Game seed: 6212130236914491003

451 greasedhog the Shooter (level 7, -1/42 HPs)
             Began as a Gargoyle Hexslinger on Feb 15, 2023.
             Killed from afar by an orc wizard (11 damage)
             ... with a puff of flame
             ... on level 4 of the Dungeon.
             The game lasted 00:05:35 (3024 turns).

greasedhog the Shooter (Gargoyle Hexslinger)        Turns: 3024, Time: 00:05:35

Health: -1/42      AC: 12    Str:  6 (9)  XL:     7   Next: 4%
Magic:  8/8        EV: 11    Int: 12 (14) God:
Gold:   261        SH:  0    Dex: 10 (12) Spells: 7/8 levels left

rFire   . . .      SeeInvis .    c - +4 mace "Ekeasis" {freeze, Fly rC+ Str-4}
rCold   + . .      Faith    .    (no shield)
rNeg    + . .      Spirit   .    o - +0 leather armour
rPois   ∞          Reflect  .    j - +1 helmet
rElec   +          Harm     .    (no cloak)
rCorr   .          Rampage  .    i - +2 pair of gloves
Will    .....                    (no boots)
Stlth   +                        (no amulet)
HPRegen 0.27/turn                (no ring)
MPRegen 0.11/turn                (no ring)

@: flying
A: sickness immunity, AC +4, negative energy resistance 1, electricity
resistance, torment resistance 1, petrification resistance
a: no special abilities


You were on level 4 of the Dungeon.
You visited 2 branches of the dungeon, and saw 5 of its levels.

You collected 261 gold pieces.

Inventory:

Hand Weapons
 a - a +2 sling
 c - the +4 mace "Ekeasis" (weapon) {freeze, Fly rC+ Str-4}
   (You found it on level 4 of the Dungeon)

   Str:       It affects your strength (-4).
   rC:        It protects you from cold.
   Fly:       It grants you flight.
 f - a +2 dagger of electrocution
Armour
 i - a +2 pair of gloves (worn)
 j - a +1 helmet (worn)
 o - a +0 leather armour (worn)
Wands
 n - a wand of iceblast (3)
Scrolls
 b - a scroll of poison
 d - 2 scrolls of vulnerability
 e - 2 scrolls of teleportation
 h - 2 scrolls of enchant weapon
Potions
 g - 2 potions of mutation
 m - a potion of invisibility {unknown}


   Skills:
 + Level 3.8 Fighting
 * Level 5.3 Ranged Weapons
 + Level 3.2 Dodging
 - Level 1.0 Spellcasting
 - Level 2.6 Hexes


You had 7 spell levels left.
You knew the following spells:

 Your Spells              Type           Power      Damage    Failure   Level
a - Slow                  Hex            28%        N/A       16%         1

Your spell library contained the following spells:

 Spells                   Type           Power      Damage    Failure   Level
 Inner Flame              Hex/Fire       3%         N/A       63%         3
 Portal Projectile        Hex/Tloc       6%         N/A       63%         3
 Cause Fear               Hex            3%         N/A       83%         4


Dungeon Overview and Level Annotations

Branches:
Dungeon (4/15)             Temple (1/1) D:4

Altars:
Dithmenos
Elyvilon
Fedhas
Gozag
Kikubaaqudgha
Makhleb
Qazlal
Ru
Uskayaw
Vehumet
Yredelemnul
Zin
The Shining One

Shops:
D:4 (


Innate Abilities, Weirdness & Mutations

You are immune to sickness and miasma.
Your stone body is resilient. (AC +4)
You are immune to poison.
You resist negative energy. (rN+)
You are resistant to electric shocks. (rElec)
You are resistant to unholy torment.
You are immune to petrification.


Message History

The magic dart hits you.
You hit something. You freeze something. Something hits you but does no damage.
You closely miss something. Something hits you but does no damage.
You barely miss something.
Something hits you but does no damage. x2
You closely miss something.
You hear some strange, mumbled words.
You are confused.
You bump into the rock wall.
Something hits you but does no damage.
A magic dart appears from out of thin air!
The magic dart hits you!
* * * LOW HITPOINT WARNING * * *
You bump into the rock wall.
You hear some strange, mumbled words.
A magic dart appears from out of thin air!
The magic dart hits you but does no damage.
Something hits you.
* * * LOW HITPOINT WARNING * * *
A magic dart appears from out of thin air!
The magic dart hits you!
* * * LOW HITPOINT WARNING * * *
You bump into the rock wall.
You feel less confused.
It was a potion of degeneration.
There was something very wrong with that liquid.
You feel weakened.
You feel dopey.
You feel clumsy.
You hear some strange, mumbled words.
A puff of flame appears from out of thin air!
The puff of flame misses you.
It was a potion of curing.
You feel better. Something hits you but does no damage.
You closely miss something. Something hits you.
* * * LOW HITPOINT WARNING * * *
Something hits you but does no damage.
You miss something. Something hits you but does no damage.
You barely miss something. Something hits you but does no damage.
You closely miss something.
You hear some strange, mumbled words.
A puff of flame appears from out of thin air!
The puff of flame hits you!
You die...

##....##.. ..... ... #
...###.###....# ..#
###..##..##.. ..# ..#
.....##.....# #.# ..# .$
.#....#..)..###.# ..# .
###.............###.^###.#
# ##...#.........#.......#
##.###..####.{.)##....#
#..###..##..@...###..# ##.#
#.......#.....#.###.
###..###......####)........
##.............# ##.....###
#.............#.# ##.....#
...#####.##...#..# .)...#
..# #..##..##.. .....# .#
#...#.... ....... .
#......... .......


There were no monsters in sight!

Vanquished Creatures
  Sigmund (D:2)
  An ogre (D:3)
  An orc priest (D:4)
  Jessica (D:2)
  Ijyb (D:3)
  An orc wizard (D:3)
  4 adders
  2 dart slugs
  7 orcs
  4 ball pythons
  7 bats
  2 endoplasms
  A giant cockroach (D:1)
  9 goblins
  A hobgoblin (D:2)
  2 quokkas
  A frilled lizard (D:1)
  6 rats
52 creatures vanquished.

Notes
Turn   | Place    | Note
-------+----------+-------------------------------------------
     0 | D:1      | greasedhog the Gargoyle Hexslinger began the quest for the
                  | Orb.
     0 | D:1      | Reached XP level 1. HP: 12/12 MP: 2/2
   121 | D:1      | Reached XP level 2. HP: 16/16 MP: 3/3
   915 | D:2      | Noticed Sigmund
   927 | D:2      | Reached XP level 3. HP: 21/21 MP: 1/4
  1116 | D:2      | Noticed Jessica
  1129 | D:2      | Killed Jessica
  1130 | D:2      | Reached skill level 3 in Ranged Weapons
  1201 | D:2      | Reached XP level 4. HP: 23/26 MP: 5/5
  1389 | D:3      | Noticed an ogre
  1397 | D:3      | Killed an ogre
  1398 | D:3      | Reached skill level 4 in Ranged Weapons
  1398 | D:3      | Reached XP level 5. HP: 21/31 MP: 6/6
  1483 | D:3      | Found a sacrificial altar of Ru.
  1512 | D:3      | Noticed Ijyb
  1525 | D:3      | Killed Ijyb
  1782 | D:3      | Reached XP level 6. HP: 31/37 MP: 7/7
  2484 | D:2      | Killed Sigmund
  2485 | D:2      | Reached skill level 5 in Ranged Weapons
  2746 | D:4      | Found Uniagipt's Weapon Shop.
  2857 | D:4      | Identified the +4 mace "Ekeasis" {freeze, Fly rC+ Str-4}
  2921 | D:4      | Found a staircase to the Ecumenical Temple.
  2933 | Temple   | Entered the Ecumenical Temple
  2994 | D:4      | Reached XP level 7. HP: 20/42 MP: 8/8
  3017 | D:4      | HP: 2/42 [something/magic dart (8)]
  3024 | D:4      | Killed from afar by an orc wizard

Illustrated notes

Levels and vault maps discovered:
D:1:      dpeg_arrival_court, layout_basic, chequers_serial_rivers_micro_c
D:2:      layout_basic, uniq_jessica, uniq_sigmund
D:3:      layout_basic, general_overflow_altar, uniq_ijyb
D:4:      layout_layer_cave, minmay_temple_entry_statues_fountains,
          serial_shops, nicolae_shop_window_shopping
Temple:   nicolae_temple_no_exploring_needed

Skill      XL: |  1  2  3  4  5  6 |
---------------+-------------------+-----
Dodging        | 2 3 |  3.2
Fighting       | 2 3 |  3.8
Ranged Weapons | 3 4 5 |  5.3
Spellcasting   | |  1.0
Hexes          | |  2.6

Action                     |  1- 3 |  4- 6 |  7- 9 || total
---------------------------+-------+-------+-------++-------
  Melee: Dagger            |       |    24 |       ||    24
         Mace              |       |       |    12 ||    12
   Fire: Sling             |    77 |    94 |     6 ||   177
   Cast: Slow              |     1 |       |       ||     1
  Evoke: Wand              |       |     3 |       ||     3
    Use: Scroll            |     1 |     9 |       ||    10
         Potion            |       |       |     2 ||     2
 Armour: Robe              |     8 |     8 |       ||    16
         Leather armour    |       |    29 |    12 ||    41
  Dodge: Dodged            |    13 |    46 |     3 ||    62

Table legend: (Time is in decaauts)
 A = Elapsed time spent in this place.
 B = Non-inter-level travel time spent in this place.
 C = Inter-level travel time spent in this place.
 D = Time resting spent in this place.
 E = Time spent auto-exploring this place.
 F = Levels seen in this place.
 G = Mean time per level.
                   A        B        C        D        E       F      G
               +--------+--------+--------+--------+--------+-----+--------+
         Total |   3067 |   2829 |    238 |    161 |   2131 |   5 |  613.4 |
       Dungeon |   3066 |   2828 |    238 |    161 |   2131 |   4 |  766.5 |
        Temple |      1 |      1 |      0 |      0 |      0 |   1 |    1.0 |
               +--------+--------+--------+--------+--------+-----+--------+

Top non-repeatable levels by time:
     D:3: 946 daAuts
     D:1: 940 daAuts
     D:2: 895 daAuts
     D:4: 283 daAuts
  Temple: 1 daAuts
